 Dungeon Crawl Stone Soup version 0.28-a0-535-g6f645e4c1d (webtiles) character file.

Game seed: 10266031763918237253

7179 tilp the Thaumaturge (level 10, 0/46 HPs)
             Began as a Felid Hedge Wizard on Sept 26, 2021.
             Was a Believer of Vehumet.
             Slain by a vampire mosquito (7 damage)
             ... on level 11 of the Dungeon.
             The game lasted 00:53:08 (21529 turns).

tilp the Thaumaturge (Felid Hedge Wizard)          Turns: 21529, Time: 00:53:08

Health: 0/46       AC:  2    Str:  6    XL:     10   Next: 86%
Magic:  31/43      EV: 20    Int: 19    God:    Vehumet [**....]
Gold:   393        SH:  0    Dex: 16    Spells: 14/29 levels left
                                        Lives:  0   Deaths: 3

rFire   . . .      SeeInvis +     - Unarmed
rCold   . . .      Faith    .   (shield unavailable)
rNeg    . . .      Spirit   .   (armour unavailable)
rPois   +          Reflect  .   (helmet unavailable)
rElec   +          Harm     .   (cloak unavailable)
rCorr   .          Rampage  .   (gloves unavailable)
Will    +....                   (boots unavailable)
Stlth   +++.......              (no amulet)
HPRegen 0.15/turn               r - ring of magical power
MPRegen 0.28/turn               c - ring "Jas Ysm" {rElec rPois MP+9 Slay-4 Stlth+}

@: confused, ambrosia-drunk, very slightly contaminated, quick
A: very small, claws 1, fangs 3, see invisible, speed 1, shaggy fur 2, stealthy
paws, no weapons or thrown items, no armour, multi-lived
a: Renounce Religion


You were on level 11 of the Dungeon.
You worshipped Vehumet.
Vehumet was pleased with you.
You visited 1 branch of the dungeon, and saw 11 of its levels.
You also visited: Bailey.

You collected 592 gold pieces.
You spent 199 gold pieces at shops.

Inventory:

Jewellery
 c - the ring "Jas Ysm" (right paw) {rElec rPois MP+9 Slay-4 Stlth+}
   (You found it in a bailey)

   [ring of poison resistance]

   Slay:      It affects your accuracy & damage with ranged weapons and melee
   (-4).
   rElec:     It insulates you from electricity.
   rPois:     It protects you from poison.
   MP:        It affects your magic capacity (+9).
   Stlth:     It makes you more stealthy.
 d - a ring of positive energy
 o - an amulet of faith
 p - a ring of resist corrosion
 r - a ring of magical power (left paw)
 s - a +4 ring of slaying
 t - a ring of fire
 u - a ring of poison resistance
 v - the ring "Icuteemu" {Fly rN+}
   (You found it on level 4 of the Dungeon)

   [ring of flight]

   rN:        It protects you from negative energy.
   Fly:       It grants you flight.
 B - a ring of ice
Wands
 k - a wand of polymorph (6)
 n - a wand of charming (11)
 q - a wand of mindburst (19)
Scrolls
 i - 4 scrolls of teleportation
 y - a scroll of magic mapping
 z - a scroll of identify
 A - a scroll of acquirement {unknown}
Potions
 a - 2 potions of mutation
 b - 3 potions of curing
 e - 2 potions of cancellation
 g - 2 potions of lignification
 j - 2 potions of flight
 l - a potion of attraction
 m - 2 potions of ambrosia
 x - a potion of invisibility
Miscellaneous
 f - a phial of floods
 h - a piece from Xom's chessboard (15/15)
 w - a condenser vane


   Skills:
 + Level 6.3 Fighting
 + Level 6.4 Dodging
 - Level 8.0 Stealth
 - Level 4.0 Unarmed Combat
 - Level 10.0 Spellcasting
 - Level 4.0 Conjurations
 - Level 4.0 Hexes
 - Level 4.0 Summonings
 - Level 4.0 Translocations
 - Level 2.0 Transmutations
 - Level 4.0 Fire Magic
 - Level 4.0 Air Magic
 - Level 4.0 Poison Magic
 - Level 4.0 Evocations


You had 14 spell levels left.
You knew the following spells:

 Your Spells              Type           Power      Damage    Failure   Level
a - Magic Dart            Conj           96%        1d7       1%          1
b - Call Imp              Summ           24%        N/A       2%          2
c - Blink                 Tloc           N/A        N/A       2%          2
d - Poisonous Vapours     Pois/Air       48%        N/A       2%          2
e - Slow                  Hex            24%        N/A       2%          2
f - Mephitic Cloud        Conj/Pois/Air  24%        N/A       4%          3
g - Ignite Poison         Fire/Tmut/Pois 22%        N/A       6%          3

Your spell library contained the following spells:

 Spells                   Type           Power      Damage    Failure   Level
 Shock                    Conj/Air       96%        1d9       1%          1
 Static Discharge         Conj/Air       24%        N/A       2%          2
 Corpse Rot               Necr/Air       N/A        N/A       4%          2
 Conjure Flame            Conj/Fire      24%        6-21      4%          3
 Inner Flame              Hex/Fire       24%        N/A       4%          3
 Cause Fear               Hex            12%        N/A       14%         4
 Sticky Flame             Conj/Fire      24%        2d5       14%         4
 Manifold Assault         Tloc           24%        N/A       36%         5
 Freezing Cloud           Conj/Ice/Air   9%         6-21      56%         5
 Dispel Undead            Necr           9%         3d8       58%         4
 Storm Form               Tmut/Air       10%        N/A       100%        7
 Discord                  Hex            12%        N/A       100%        8


Dungeon Overview and Level Annotations

Branches:
Dungeon (11/15)            Temple (0/1) D:7            Lair (0/6) D:9
    Orc (0/2) D:9          Bailey (visited)

Altars:
Gozag
Hepliaklqana
Makhleb
Nemelex Xobeh
Okawaru
Qazlal
Sif Muna
Vehumet
Wu Jian
Yredelemnul
The Shining One

Shops:
D:1 !   D:2 (*   D:6 *   D:7 =   D:8 [   D:9 !   D:11 (

Annotations:
D:6 2 transporters
D:7 2 transporters, toffzen's ghost, novice MiCA
D:8 exclusion: 4 killer bees, Erica; Joseph
D:9 2 transporters, qborf's ghost, journeyman HOFi


Innate Abilities, Weirdness & Mutations

You have sharp claws.
You have razor-sharp teeth.
You have supernaturally acute eyesight. (SInv)
You cover ground quickly. (Speed+)
You are covered in thick fur. (AC +2)
Your paws help you pounce on unaware monsters.
You are incapable of wielding weapons or throwing items.
You cannot wear armour.
You gain extra lives every three experience levels.


Message History

The vampire mosquito bites you!
* * * LOW HITPOINT WARNING * * *
The vampire mosquito draws strength from your injuries!
The vampire mosquito bites you.
* * * LOW HITPOINT WARNING * * *
The vampire mosquito draws strength from your injuries!
The vampire mosquito misses you.
The vampire mosquito closely misses you.
Unknown command.
Casting: Mephitic Cloud (dangerous; 4% risk of failure)
Confirm with . or Enter, or press ? or * to list all spells.
You miscast Ignite Poison.
You are very lightly contaminated with residual magic.
Nothing appears to happen.
The vampire mosquito bites you but does no damage.
The vampire mosquito barely misses you. x2; The vampire mosquito bites you.
* * * LOW HITPOINT WARNING * * *
The vampire mosquito draws strength from your injuries!
Unknown command.
Unknown command.
Casting: Ignite Poison (dangerous; 6% risk of failure)
Confirm with . or Enter, or press ? or * to list all spells.
You ignite the poison in your surroundings!
The vampire mosquito closely misses you.
The vampire mosquito is engulfed in blazing flames.
The vampire mosquito misses you. x2
Unknown command.
Unknown command.
Unknown command.
Unknown command.
You are confused.
You feel invigorated.
The vampire mosquito is engulfed in blazing flames.
The vampire mosquito bites you.
* * * LOW HITPOINT WARNING * * *
The vampire mosquito draws strength from your injuries!
The vampire mosquito completely misses you.
The vampire mosquito is engulfed in blazing flames.
The vampire mosquito bites you!
You die...

########### ###
#@y○....... ..
#.y☼....... .
#.######### # #.#
#
#.################
#.................
#.................
################..
#..


You could see 2 vampire mosquitoes.

Vanquished Creatures
  Snorg (D:10)
  5 two-headed ogres
  Maggie (D:7)
  A kobold demonologist (D:8)
  Psyche (D:10)
  4 trolls
  Prince Ribbit (D:7)
  3 wyverns
  16 yaks (D:10)
  2 vampire mosquitoes
  Menkaure (D:4)
  11 orc warriors
  A black bear (D:7)
  2 ogres
  A wolf (D:9)
  8 centaurs (Bailey)
  A kobold brigand (D:7)
  A wyvern zombie (D:7)
  3 scorpions
  2 electric eels (D:9)
  A centaur zombie (D:7)
  7 hounds
  4 jellies
  An orc priest (D:7)
  A gnoll shaman (D:6)
  3 iguanas
  A bullfrog skeleton (D:5)
  A centaur skeleton (D:7)
  Natasha (thrice) (D:4)
  3 orc wizards
  A statue (D:4)
  A killer bee zombie (D:9)
  A howler monkey zombie (D:8)
  3 gnolls
  8 adders
  A howler monkey skeleton (D:5)
  A worm (D:3)
  2 dart slugs
  27 orcs
  3 bats
  8 endoplasms
  A giant cockroach (D:3)
  4 goblins
  12 hobgoblins
  16 kobolds
  6 ball pythons
  5 rats
191 creatures vanquished.

Vanquished Creatures (collateral kills)
  A bullfrog zombie (D:5)
  An iguana (D:4)
2 creatures vanquished.

Vanquished Creatures (others)
  6 plants
6 creatures vanquished.

Grand Total: 199 creatures vanquished

Notes
Turn   | Place    | Note
-------+----------+-------------------------------------------
     0 | D:1      | tilp the Felid Hedge Wizard began the quest for the Orb.
     0 | D:1      | Reached XP level 1. HP: 7/7 MP: 5/5
    54 | D:1      | Reached skill level 1 in Conjurations
   340 | D:1      | Found Arofoute's Distillery.
   524 | D:1      | Bought a potion of curing for 36 gold pieces
   702 | D:1      | Reached XP level 2. HP: 11/11 MP: 4/7
   789 | D:1      | Bought a potion of degeneration for 12 gold pieces
  1524 | D:1      | Learned a level 2 spell: Call Imp
  1527 | D:1      | Learned a level 2 spell: Blink
  1530 | D:1      | Learned a level 2 spell: Poisonous Vapours
  2055 | D:2      | Reached XP level 3. HP: 11/14 MP: 1/8
  2520 | D:2      | Found Qakol's Assorted Antiques.
  2527 | D:2      | Bought a scroll labelled NUSUVO OMAE for 22 gold pieces
  2527 | D:2      | Bought a scroll labelled ZOVONO CIEDD for 22 gold pieces
  2739 | D:2      | Found a faded altar of an unknown god.
  2994 | D:2      | Found Kefuas's Weapon Boutique.
  3158 | D:2      | Learned a level 2 spell: Slow
  3193 | D:3      | Reached XP level 4. HP: 18/18 MP: 7/10
  3890 | D:3      | Found an iron altar of Okawaru.
  4806 | D:2      | Bought 2 pink potions for 39 gold pieces
  4919 | D:4      | Noticed Natasha
  5174 | D:4      | Killed Natasha
  5175 | D:4      | Reached XP level 5. HP: 19/21 MP: 3/11
  5252 | D:4      | Found a glowing golden altar of the Shining One.
  5268 | D:4      | Noticed Menkaure
  5296 | D:4      | Noticed Natasha
  5302 | D:4      | Killed Natasha
  5303 | D:4      | Reached skill level 4 in Spellcasting
  5401 | D:4      | Noticed Natasha
  5450 | D:4      | Killed Natasha
  5619 | D:4      | Reached skill level 1 in Hexes
  5931 | D:4      | Found a radiant altar of Vehumet.
  5931 | D:4      | Noticed a frost-covered statue
  6143 | D:4      | Killed a frost-covered statue
  6144 | D:4      | Reached skill level 1 in Poison Magic
  6216 | D:4      | Became a worshipper of Vehumet
  6382 | D:5      | Entered Level 5 of the Dungeon
  6388 | D:5      | Reached skill level 1 in Air Magic
  6388 | D:5      | Gained mutation: You are covered in thick fur. (AC +2)
                  | [Felid growth]
  6388 | D:5      | Reached XP level 6. HP: 25/25 MP: 5/13
  6659 | D:5      | Reached skill level 1 in Fighting
  6659 | D:5      | Reached skill level 1 in Unarmed Combat
  7652 | D:5      | Found a shimmering blue altar of Sif Muna.
  8191 | D:5      | Reached XP level 7. HP: 13/29 MP: 3/14
  8557 | D:2      | Bought a scroll of identify for 44 gold pieces
  8850 | D:6      | Found Cadda Neruxe's CLEARANCE SALE!.
  8856 | D:6      | Bought a scroll of teleportation for 24 gold pieces
  9319 | D:6      | Noticed a two-headed ogre
  9423 | D:6      | Found a hazy altar of Hepliaklqana.
  9423 | D:6      | Found an opulent altar of Gozag.
  9424 | D:6      | Found a basalt altar of Yredelemnul.
  9520 | D:6      | Killed a two-headed ogre
  9521 | D:6      | Reached skill level 6 in Spellcasting
  9521 | D:6      | Reached XP level 8. HP: 21/34 MP: 0/18
  9838 | D:6      | Found a transporter.
  9942 | D:6      | Found a transporter.
 10431 | D:7      | Noticed a five-headed hydra
 10432 | D:7      | Found a transporter.
 10432 | D:7      | Noticed toffzen's ghost (novice MiCA)
 10435 | D:7      | Noticed a gargoyle
 10437 | D:7      | Found a transporter.
 10489 | D:7      | Noticed Maggie
 10510 | D:7      | Killed Maggie
 10511 | D:7      | Reached skill level 5 in Dodging
 10511 | D:7      | Reached skill level 5 in Stealth
 10891 | D:7      | Slain by an iguana
 10892 | D:7      | Reached XP level 7. HP: 0/32 MP: 5/17
 10961 | D:7      | Noticed Prince Ribbit
 10972 | D:7      | Killed Prince Ribbit
 10973 | D:7      | Reached XP level 8. HP: 36/36 MP: 8/18
 11036 | D:7      | Found a staircase to the Ecumenical Temple.
 11072 | D:7      | Noticed a two-headed ogre
 11289 | D:7      | Found an ornate altar of the Wu Jian Council.
 12019 | D:7      | Found Cuxir's Jewellery Boutique.
 12255 | D:7      | Killed a two-headed ogre
 12791 | D:8      | Noticed Erica
 13227 | D:7      | HP: 1/36 [orc warrior (17)]
 13242 | D:7      | Reached skill level 7 in Spellcasting
 13242 | D:7      | Reached XP level 9. HP: 3/39 MP: 3/20
 13814 | D:8      | Found Ysoqeneu's Antique Armour Shoppe.
 13868 | D:8      | Noticed a two-headed ogre
 13963 | D:8      | Slain by a two-headed ogre
 13964 | D:8      | Reached XP level 8. HP: -5/36 MP: 17/28
 13968 | D:8      | Noticed Joseph
 14290 | D:8      | Killed a two-headed ogre
 14291 | D:8      | Reached skill level 8 in Spellcasting
 14295 | D:8      | Learned a level 3 spell: Mephitic Cloud
 14477 | D:8      | Found a stormy altar of Qazlal.
 14477 | D:8      | Found a sparkling altar of Nemelex Xobeh.
 14535 | D:8      | Noticed a kobold demonologist
 14543 | D:8      | Noticed an ice devil
 14548 | D:8      | Killed a kobold demonologist
 15068 | D:4      | Learned a level 3 spell: Ignite Poison
 15245 | D:9      | Found a transporter.
 15255 | D:9      | Noticed a komodo dragon
 15255 | D:9      | Noticed qborf's ghost (journeyman HOFi)
 15291 | D:9      | Reached XP level 9. HP: 13/39 MP: 22/22
 15844 | D:9      | Found a burning altar of Makhleb.
 15847 | D:9      | You fall into a shaft and drop 1 floor!
 15847 | D:10     | Entered Level 10 of the Dungeon
 15864 | D:10     | Noticed a troll
 15886 | D:10     | Killed a troll
 15942 | D:10     | Found a flagged portal.
 15955 | Bailey   | Entered a bailey
 15970 | Bailey   | Reached skill level 1 in Evocations
 16197 | Bailey   | Reached * piety under Vehumet
 16197 | Bailey   | Offered knowledge of Sandblast by Vehumet.
 16607 | Bailey   | Reached skill level 5 in Fighting
 17053 | Bailey   | Reached XP level 10. HP: 45/45 MP: 23/23
 17248 | Bailey   | Identified the ring "Jas Ysm" {rElec rPois MP+9 Slay-4
                  | Stlth+}
 17561 | D:10     | Noticed a two-headed ogre
 17568 | D:10     | Killed a two-headed ogre
 17569 | D:10     | Reached skill level 1 in Transmutations
 17943 | D:10     | Noticed Snorg
 17945 | D:10     | Noticed Psyche
 17953 | D:10     | Killed Psyche
 17955 | D:10     | Slain by Snorg
 17956 | D:10     | Reached XP level 9. HP: 0/41 MP: 23/40
 17967 | D:10     | Noticed a troll
 17973 | D:10     | Killed a troll
 18059 | D:10     | Noticed a troll
 18065 | D:10     | Killed a troll
 18125 | D:10     | Reached ** piety under Vehumet
 18134 | D:10     | Reached XP level 10. HP: 38/45 MP: 20/23
 18568 | D:10     | Offered knowledge of Shock by Vehumet.
 18957 | D:10     | Killed Snorg
 18958 | D:10     | Reached skill level 9 in Spellcasting
 19417 | D:9      | Found a staircase to the Lair.
 19421 | D:9      | Found a staircase to the Orcish Mines.
 19523 | D:9      | Noticed a moth of wrath
 19531 | D:9      | Found a transporter.
 19531 | D:9      | Noticed a manticore
 19714 | D:9      | Found Faxtoeg's Distillery.
 19714 | D:9      | Noticed a two-headed ogre
 19719 | D:9      | Killed a two-headed ogre
 19985 | D:4      | Killed Menkaure
 19986 | D:4      | Reached skill level 10 in Spellcasting
 20015 | D:4      | Identified the ring "Icuteemu" {Fly rN+}
 20253 | D:7      | Found Cuxir's Jewellery Boutique.
 20376 | D:7      | Found a transporter.
 20397 | D:7      | Found a transporter.
 20563 | D:7      | Found an ornate altar of the Wu Jian Council.
 20730 | D:7      | Found a staircase to the Ecumenical Temple.
 20947 | D:11     | Noticed a red ugly thing
 21298 | D:11     | Found Qugoz's Antique Weapon Emporium.
 21529 | D:11     | Slain by a vampire mosquito

Illustrated notes

Levels and vault maps discovered:
D:1:      beargit_arrival_greenhouse, layout_basic, serial_shops,
          nicolae_square_shop, serial_bayou_pond_c, hex_tiny, patterned_corridor
D:2:      layout_loops_corners, basic_ecumenical_altar, serial_shops, shop,
          nicolae_shop_overgrown_old_shop
D:3:      layout_loops_ring, okawaru_ov_weapons_minmay
D:4:      layout_basic, vehumet_statue, mainiacjoe_overflow_surrounded_room,
          uniq_natasha, uniq_menkaure
D:5:      layout_cave_pools, lemuel_tele_altar
D:6:      gammafunk_cloud_chamber, layout_loops_ring,
          gammafunk_temple_overflow_claw, serial_bayou_pond_a,
          hellmonk_bongcloud_opening, nicolae_shop_clearance
D:7:      layout_loops_ring, nzn_wu_jian_contemplation,
          lemuel_temple_firewalk_b, gammafunk_ghost_arena, serial_shops,
          nicolae_diamond_shop, uniq_maggie, uniq_prince_ribbit1
D:8:      layout_loops_ring, amethyst_overflow_temple_binary, serial_shops,
          kennysheep_mini_moat, minmay_liquid_box, uniq_erica, uniq_joseph
D:9:      layout_gridville, mainiacjoe_overflow_boulevard, erik_lair_island,
          orc_0_dummy, gammafunk_ghost_berserking_beasts, serial_shops, shop
D:10:     layout_basic, enter_bailey_2, uniq_snorg, uniq_psyche
D:11:     layout_long_grid, serial_shops, nicolae_shop_crystal, uniq_fannar

Skill      XL: |  1  2  3  4  5  6  7  8  9 10 |
---------------+-------------------------------+-----
Conjurations   | 1 2 3 4 |  4.0
Spellcasting   | 4 6 8 10 | 10.0
Hexes          | 2 4 |  4.0
Translocations | 2 4 |  4.0
Poison Magic   | 1 2 4 3 |  4.0
Air Magic      | 1 2 4 3 |  4.0
Dodging        | 3 4 6 5 |  6.4
Stealth        | 3 4 8 |  8.0
Fighting       | 1 3 4 5 6 |  6.3
Unarmed Combat | 1 4 3 |  4.0
Summonings     | 2 4 |  4.0
Evocations     | 4 |  4.0
Fire Magic     | 4 3 |  4.0
Transmutations | 2 |  2.0

Action                   |  1- 3 |  4- 6 |  7- 9 | 10-12 || total
-------------------------+-------+-------+-------+-------++-------
Melee: Unarmed           |    34 |     7 |    34 |    15 ||    90
       Bite              |     3 |     1 |     5 |     1 ||    10
 Cast: Magic Dart        |   103 |   200 |   213 |     5 ||   521
       Call Imp          |       |    10 |    14 |     1 ||    25
       Poisonous Vapours |       |     4 |    94 |    42 ||   140
       Slow              |       |       |    12 |     5 ||    17
       Blink             |       |       |     5 |     4 ||     9
       Mephitic Cloud    |       |       |    40 |    26 ||    66
       Ignite Poison     |       |       |     8 |    40 ||    48
Evoke: Piece from Xom's  |       |       |     3 |       ||     3
       Wand              |       |       |       |     1 ||     1
  Use: Scroll            |     5 |     2 |     7 |     5 ||    19
       Potion            |       |       |     1 |     1 ||     2
 Stab: Confused          |       |       |     6 |     1 ||     7
       Sleeping          |       |       |     1 |       ||     1
Armor: Skin              |     2 |     2 |    10 |    10 ||    24
Dodge: Dodged            |    45 |    47 |   149 |    53 ||   294

Table legend: (Time is in decaauts)
 A = Elapsed time spent in this place.
 B = Non-inter-level travel time spent in this place.
 C = Inter-level travel time spent in this place.
 D = Time resting spent in this place.
 E = Time spent auto-exploring this place.
 F = Levels seen in this place.
 G = Mean time per level.
                   A        B        C        D        E       F      G
               +--------+--------+--------+--------+--------+-----+--------+
         Total |  19502 |  18110 |   1392 |   6427 |   8863 |  12 | 1625.2 |
       Dungeon |  18165 |  16773 |   1392 |   5741 |   8674 |  11 | 1651.4 |
        Bailey |   1336 |   1336 |      0 |    685 |    188 |   1 | 1336.0 |
               +--------+--------+--------+--------+--------+-----+--------+

Top non-repeatable levels by time:
     D:7: 3418 daAuts
    D:10: 2075 daAuts
     D:4: 2062 daAuts
     D:6: 1853 daAuts
     D:1: 1758 daAuts
     D:5: 1734 daAuts
     D:3: 1508 daAuts
     D:8: 1383 daAuts
  Bailey: 1336 daAuts
     D:2: 1153 daAuts
     D:9: 990 daAuts
    D:11: 227 daAuts
